 Dungeon Crawl Stone Soup version 0.28-a0-476-g0f06bd746f (webtiles) character file.

Game seed: 17700619940386137191

182 SkeletonJelly the Slasher (level 5, -2/48 HPs)
             Began as a Minotaur Fighter on Sept 16, 2021.
             Slain by an orc (4 damage)
             ... on level 3 of the Dungeon.
             The game lasted 00:02:40 (2340 turns).

SkeletonJelly the Slasher (Minotaur Fighter)        Turns: 2340, Time: 00:02:40

Health: -2/48      AC:  6    Str: 22    XL:     5   Next: 35%
Magic:  4/4        EV:  9    Int:  5    God:
Gold:   106        SH:  4    Dex:  9    Spells: 4/4 levels left

rFire   . . .      SeeInvis .   a - +0 long sword
rCold   . . .      Faith    .   c - +0 buckler
rNeg    . . .      Spirit   .   b - +0 scale mail
rPois   .          Reflect  .   (helmet restricted)
rElec   .          Harm     .   (no cloak)
rCorr   .          Rampage  .   (no gloves)
Will    .....                   (no boots)
Stlth   ..........              (no amulet)
HPRegen 0.16/turn               (no ring)
MPRegen 0.09/turn               (no ring)

@: no status effects
A: horns 2, retaliatory headbutt
a: no special abilities


You were on level 3 of the Dungeon.
You visited 1 branch of the dungeon, and saw 3 of its levels.

You collected 106 gold pieces.

Inventory:

Hand Weapons
 a - a +0 long sword (weapon)
Armour
 b - a +0 scale mail (worn)
 c - a +0 buckler (worn)
Jewellery
 i - an amulet of magic regeneration
Scrolls
 e - 2 scrolls of identify {unknown}
 f - a scroll of blinking {unknown}
 h - a scroll of magic mapping {unknown}
 j - 2 scrolls of noise {unknown}
Potions
 d - 2 potions of might
 g - a potion of ambrosia {unknown}
 k - 3 potions of berserk rage {unknown}
 l - a potion of lignification {unknown}


   Skills:
 + Level 5.0 Fighting
 * Level 5.6 Long Blades
 - Level 3.6 Armour
 - Level 4.0 Shields


You had 4 spell levels left.
You didn't know any spells.
Your spell library contained the following spells:

 Spells                   Type           Power      Damage    Failure   Level
 Animate Skeleton         Necr           0%         N/A       80%         1
 Pain                     Necr           0%         1d4       80%         1
 Vampiric Draining        Necr           0%         2d6       99%         3


Dungeon Overview and Level Annotations

Branches:
Dungeon (3/15)

Altars:


Innate Abilities, Weirdness & Mutations

You have a pair of horns on your head.
You reflexively headbutt those who attack you in melee.


Message History

A kobold is nearby!
The kobold throws a stone.
The stone hits you but does no damage.
The kobold throws a stone.
The stone hits you but does no damage.
There is an open door here.
Found 5 gold pieces.
The kobold barely misses you. You furiously retaliate!
You headbutt the kobold!
You kill the kobold!
No target in view!
No target in view!
No target in view!
No target in view!
No target in view!
Things that are here:
a +0 whip; 5 stones; a kobold corpse You now have 106 gold pieces (gained 5).
Found 24 stones.
Key pressed, stopping explore.
A rat comes into view.
A rat is nearby!
A rat is nearby!
You closely miss the rat. The rat bites you but does no damage.
You barely miss the rat. Your headbutt misses the rat.
The rat bites you but does no damage.
The orc shouts!
You slash the rat!
You kill the rat!
You hear a shout! x3
An orc comes into view. It is wielding a +0 dagger.
The orc shouts!
An orc comes into view. It is wielding a +0 club.
The orc barely misses you. You furiously retaliate!
You headbutt the orc. You barely miss the orc.
The orc is heavily wounded.
An orc priest comes into view. It is wielding a +0 hand axe.
A rat comes into view.
The orc hits you but does no damage.
Your scale mail prevents you from hitting the orc.
You headbutt the orc.
The orc is almost dead.
The orc hits you from afar with a +0 trident.
You take 2 damage, and have 46/48 hp.
You barely miss the orc.
The orc is almost dead.
You block the orc's attack. The orc closely misses you. x2
You furiously retaliate!
You headbutt the orc.
There are monsters nearby!
You barely miss the orc.
The orc is almost dead.
The orc barely misses you. The orc hits you but does no damage.
The orc hits you from afar with a +0 trident.
You take 2 damage, and have 44/48 hp.
You closely miss the orc.
The orc is almost dead.
The orc barely misses you. You furiously retaliate!
You headbutt the orc, but do no damage.
The orc hits you from afar with a +0 trident.
You take 3 damage, and have 41/48 hp.
You slash the orc!
You kill the orc!
The orc priest hits you with a +0 hand axe.
The orc hits you from afar with a +0 trident.
You take 5 damage, and have 36/48 hp.
You closely miss the orc.
The orc is almost dead.
The rat barely misses you. You furiously retaliate!
You headbutt the rat!
You kill the rat!
The orc hits you but does no damage. The orc priest barely misses you.
You furiously retaliate!
You headbutt the orc priest.
The orc hits you from afar with a +0 trident!
You take 7 damage, and have 29/48 hp.
You hit the orc priest but do no damage.
The orc priest is lightly wounded.
The orc priest barely misses you. The orc hits you with a +0 club.
The orc hits you from afar with a +0 trident.
You take 8 damage, and have 21/48 hp.
You hit the orc priest but do no damage.
The orc priest is lightly wounded.
The orc hits you with a +0 club. The orc priest closely misses you.
The orc hits you but does no damage.
You take 1 damage, and have 20/48 hp.
You hit the orc priest.
The orc priest is heavily wounded.
The orc hits you but does no damage.
The orc priest miscasts a cantrip.
The orc hits you from afar with a +0 trident.
You take 1 damage, and have 19/48 hp.
You closely miss the orc priest.
The orc priest is heavily wounded.
You block the orc's attack.
The orc priest mumbles some strange prayers to Beogh against you.
Beogh smites you!
* * * LOW HITPOINT WARNING * * *
The orc misses you. You block the orc's attack.
The orc priest hits you with a +0 hand axe.
* * * LOW HITPOINT WARNING * * *
You take 17 damage, and have 2/48 hp.
MASSIVE DAMAGE!!
Your scale mail prevents you from hitting the orc priest.
The orc priest is heavily wounded.
The orc misses you. The orc hits you with a +0 club.
You die...

#.# #{# ## #####)# .#
#.....# .. #.###.# .# #.
#.# .# #.###.##### .#
#....o....# ##o##
##...#####.#####@†o####.
................o.....'.
##...#.###.#####...####.
##>.......# ##.##
####.##### .# #.# .# #.#
#. #.# # #.#


You could see an orc priest and 2 orcs.

Vanquished Creatures
  4 orc wizards
  3 adders
  2 worms (D:2)
  A dart slug (D:3)
  2 orcs (D:3)
  3 endoplasms
  7 goblins
  2 hobgoblins
  2 jackals (D:1)
  3 kobolds
  4 quokkas (D:2)
  A ball python (D:1)
  6 bats
  8 rats
48 creatures vanquished.

Notes
Turn   | Place    | Note
-------+----------+-------------------------------------------
     0 | D:1      | SkeletonJelly the Minotaur Fighter began the quest for the
                  | Orb.
     0 | D:1      | Reached XP level 1. HP: 19/19 MP: 0/0
   466 | D:1      | Reached XP level 2. HP: 25/27 MP: 1/1
   909 | D:2      | Reached XP level 3. HP: 33/33 MP: 2/2
   909 | D:2      | Found a faded altar of an unknown god.
  1519 | D:2      | Reached XP level 4. HP: 24/41 MP: 3/3
  2000 | D:3      | Reached skill level 5 in Long Blades
  2029 | D:3      | Reached XP level 5. HP: 15/47 MP: 4/4
  2251 | D:3      | Reached skill level 5 in Fighting
  2339 | D:3      | HP: 2/48 [orc priest (2)]
  2340 | D:3      | Slain by an orc

Illustrated notes

Levels and vault maps discovered:
D:1:      dpeg_arrival_connections, layout_basic
D:2:      layout_rooms, shapermc_ecumenical_altar_venn, grunt_decor_junction,
          minmay_pentomino_r4
D:3:      layout_loops_corners, serial_shops, nicolae_shop_stone

Skill      XL: |  1  2  3  4  5 |
---------------+----------------+-----
Long Blades    | 3 4 5 |  5.6
Fighting       | 4 5 |  5.0
Shields        | 4 |  4.0
Armour         | |  3.6

Action                   |  1- 3 |  4- 6 || total
-------------------------+-------+-------++-------
Melee: Long sword        |    92 |    43 ||   135
       Headbutt          |    10 |     9 ||    19
Armor: Scale mail        |    46 |    19 ||    65
Dodge: Dodged            |    43 |    20 ||    63
Block: Buckler           |    20 |     6 ||    26

Table legend: (Time is in decaauts)
 A = Elapsed time spent in this place.
 B = Non-inter-level travel time spent in this place.
 C = Inter-level travel time spent in this place.
 D = Time resting spent in this place.
 E = Time spent auto-exploring this place.
 F = Levels seen in this place.
 G = Mean time per level.
                   A        B        C        D        E       F      G
               +--------+--------+--------+--------+--------+-----+--------+
         Total |   2368 |   2262 |    106 |      0 |   1879 |   3 |  789.3 |
       Dungeon |   2368 |   2262 |    106 |      0 |   1879 |   3 |  789.3 |
               +--------+--------+--------+--------+--------+-----+--------+

Top non-repeatable levels by time:
     D:2: 1218 daAuts
     D:1: 614 daAuts
     D:3: 535 daAuts
